 Dungeon Crawl Stone Soup version 0.19.0-9-gfd783f2 (webtiles) character file.

338245 kae the Shatterer (level 22, -16/271 HPs)
             Began as a Formicid Fighter on Nov 7, 2016.
             Was the Champion of Okawaru.
             Shot with a bolt by a yaktaur captain (23 damage)
             ... on level 1 of the Vaults.
             The game lasted 01:17:35 (44730 turns).

kae the Shatterer (Formicid Fighter)               Turns: 44730, Time: 01:17:36

Health: -16/271    AC: 31    Str: 35    XL:     22   Next: 92%
Magic:  12/29      EV:  2    Int: 12    God:    Okawaru [******]
Gold:   3095       SH: 16    Dex: 10    Spells: 0 memorised, 21 levels left

rFire  . . .     SeeInvis .     M - +8 whip of the Lesser Evil {holy, rC++}
rCold  + + .     Gourm    .     (armour currently unavailable)
rNeg   + + +     Faith    .     R - +0 shield
rPois  +         Spirit   .     (helmet unavailable)
rElec  .         Reflect  .     (cloak currently unavailable)
rCorr  .         Harm     .     (gloves currently unavailable)
MR     +++..                    (boots currently unavailable)
Stlth  +++.......               x - amulet "Ocoukk" {RegenMP rPois Str+5}
                                L - ring of positive energy
                                J - ring "Jihysyav" {+Fly rPois rN+ MR+ Int+3}

@: tree-form, heroism
A: permanent stasis, dig shafts and tunnels, four strong arms, (antennae 0)
a: Heroism, Finesse, Renounce Religion
}: 2/15 runes: barnacled, gossamer


You were on level 1 of the Vaults.
You worshipped Okawaru.
Okawaru was exalted by your worship.
You were hungry.
You were a tree.
You visited 7 branches of the dungeon, and saw 35 of its levels.

You collected 3893 gold pieces.
You spent 798 gold pieces at shops.

Inventory:

Hand Weapons
 b - the +7 flail of Charity {crush, MR+ Dex+2 SInv}
   (Okawaru gifted it to you on level 11 of the Dungeon)

   It inflicts extra damage upon your enemies.
   It affects your dexterity (+2).
   It affects your resistance to hostile enchantments.
   It lets you see invisible.
 c - a +1 great mace of holy wrath
 q - a +5 great mace of crushing
 M - the +8 whip of the Lesser Evil (weapon) {holy, rC++}
   (You took it off a deep elf annihilator on level 3 of the Elven Halls)

   It has been blessed by the Shining One to cause great damage to the undead
   and demons.
   It greatly protects you from cold.
 O - a +5 eveningstar of flaming
 X - the +2 morningstar "Niroxi Ruyv" {crush, rC+ SInv}
   (Okawaru gifted it to you on level 2 of the Elven Halls)

   It inflicts extra damage upon your enemies.
   It protects you from cold.
   It lets you see invisible.
Armour
 e - the +2 pair of gloves of Leaves (melded) {Str+3 Int+4}
   (Okawaru gifted it to you on level 6 of the Lair of Beasts)

   It affects your strength (+3).
   It affects your intelligence (+4).
 u - a +1 pair of boots of running (melded)
 H - the +8 crystal plate armour of Bimes (melded) {rN++ Dex-3}
   (Okawaru gifted it to you on level 5 of the Lair of Beasts)

   It affects your dexterity (-3).
   It greatly protects you from negative energy.
 R - a +0 shield (worn)
 V - the +0 cloak "Nein" (melded) {rElec rN+ Slay+5}
   (You found it on level 2 of the Lair of Beasts)

   It affects your accuracy and damage with ranged weapons and melee attacks
   (+5).
   It insulates you from electricity.
   It protects you from negative energy.
Jewellery
 x - the amulet "Ocoukk" (around neck) {RegenMP rPois Str+5}
   (You found it on level 5 of the Dungeon)

   [amulet of magic regeneration]

   It increases your magic regeneration.
   It affects your strength (+5).
   It protects you from poison.
 D - an uncursed ring of protection from magic
 J - the ring "Jihysyav" (left branch) {+Fly rPois rN+ MR+ Int+3}
   (You took it off a deep elf master archer on level 3 of the Elven Halls)

   [ring of positive energy]

   It affects your intelligence (+3).
   It protects you from poison.
   It protects you from negative energy.
   It affects your resistance to hostile enchantments.
   It lets you fly.
 L - a ring of positive energy (right branch)
Scrolls
 g - 2 scrolls of holy word
 i - 5 scrolls of recharging
 l - a scroll of brand weapon
 m - 5 scrolls of fog
 n - 4 scrolls of enchant armour
 w - a scroll of silence
 y - 9 scrolls of remove curse
 B - 2 scrolls of amnesia
Potions
 d - 5 potions of might
 h - 5 potions of flight
 o - 8 potions of curing
 s - 7 potions of agility
 A - 5 potions of lignification
 E - 3 potions of invisibility
 I - 4 potions of ambrosia
 T - a potion of resistance
 Y - a potion of mutation
Comestibles
 f - 18 bread rations
 k - 13 fruits
 v - 8 meat rations
 K - a royal jelly


   Skills:
 - Level 17.1(22.1) Fighting
 - Level 22.8(27) Maces & Flails
 - Level 18.4(23.4) Armour
 * Level 8.4(13.4) Dodging
 - Level 12.2(17.2) Shields
 - Level 8.0 Invocations
 - Level 10.4 Evocations


You had 21 spell levels left.
You didn't know any spells.

Dungeon Overview and Level Annotations

Branches:
Dungeon (15/15)            Temple (0/1) D:6            Lair (6/6) D:9
 Shoals (4/4) Lair:2       Spider (4/4) Lair:2        Slime (0/5) Lair:6
    Orc (2/2) D:10            Elf (3/3) Orc:2        Vaults (1/5) D:13
 Depths (0/5) D:15

Altars:
Okawaru
Sif Muna
Uskayaw
Vehumet
Xom
Yredelemnul
Beogh

Shops:
D:15 :   Orc:2 [:!%   Elf:2 [   Elf:3 !   Vaults:1 [

Annotations:
D:6 removeelyvilon's ghost, novice MiFi


Innate Abilities, Weirdness & Mutations

You are under a permanent stasis effect.
You can dig through walls and to a lower floor.
Your four strong arms can wield two-handed weapons with a shield.
((You have a pair of large antennae on your head. (SInv)))


Message History

You whack the deep troll!
The deep troll is moderately wounded.
The yaktaur captain wields an arbalest.
The yaktaur captain shoots a bolt.
The bolt hits you but does no damage.
You thrash the deep troll!!
The deep troll is moderately wounded.
You block the deep troll's attack. x3
You closely miss the deep troll.
The deep troll is moderately wounded.
You block the deep troll's attack.
The deep troll claws you but does no damage.
You block the deep troll's attack. The deep troll bites you!
* * * LOW HITPOINT WARNING * * *
The deep troll claws you.
* * * LOW HITPOINT WARNING * * *
The deep troll claws you but does no damage.
You closely miss the deep troll.
The deep troll is moderately wounded.
The yaktaur captain shoots a bolt.
The bolt hits you!!
You die...

. ####+ ###############+## .....
.................. .....
....{{.............. .....
c......{...)........ .....
......{.))))....... .....
####'#####p.()....... .....
#........#{))†....... .....
#.......♣#........... .....
#.......TT........... .....
#........#(.......... .....
#........#........... ####.
#........#........... ..#
##'###+#########+#... .. ..#
......#............#.. ...
..####......#............# ...
.....#......#....####....######..


You could see a yaktaur captain and 2 deep trolls.

Vanquished Creatures
  Nikola (Elf:1)
  2 deep elf master archers (Elf:3)
  4 deep elf blademasters (Elf:3)
  Kirke (Lair:4)
  A sphinx (Vaults:1)
  A tengu reaver (D:14)
  Gastronok (D:12)
  Roxanne (Spider:3)
  Donald (Elf:2)
  Agnes (Elf:2)
  The ghost of puimuR the Executioner, a journeyman HOWz of Makhleb (Shoals:4)
  Aizul (Shoals:1)
  7 deep elf sorcerers
  9 emperor scorpions
  8 ghost moths
  Louise (Spider:1)
  An ironheart preserver (Vaults:1)
  5 deep elf elementalists
  2 vault wardens (Vaults:1)
  A stone giant (shapeshifter) (Elf:2)
  3 very ugly things (Vaults:1)
  6 entropy weavers
  4 deep elf demonologists (Elf:3)
  Azrael (D:12)
  9 deep elf annihilators
  A spark wasp (Spider:4)
  An ettin (D:12)
  5 merfolk javelineers
  4 deep elf death magi (Elf:3)
  Snorg (D:14)
  9 merfolk impalers
  A fire dragon (Vaults:1)
  3 deep elf high priests (Elf:3)
  7 vault guards
  6 hydras
  4 merfolk avatars
  3 catoblepae (Lair:6)
  3 satyrs (Shoals:4)
  7 centaur warriors
  23 dancing weapons
  2 alligator snapping turtles
  5 merfolk aquamancers (Shoals:4)
  A queen ant (Lair:5)
  A tengu warrior (D:13)
  2 deep troll shamans (Vaults:1)
  A death knight (D:14)
  An orc high priest (Orc:2)
  19 death yaks
  Urug (D:12)
  An ogre mage (D:15)
  18 deep elf knights
  Nergalle (D:12)
  8 skeletal warriors
  The ghost of Haldmier the Frost Mage, a novice HEIE of Ashenzari (D:10)
  The ghost of Raws the Carver, a novice DsBe of Trog (D:7)
  A flayed ghost (Vaults:1)
  4 sea snakes
  A swamp dragon (shapeshifter) (Elf:2)
  6 unseen horrors
  2 wizards (D:15)
  20 deep elf archers
  6 hill giants
  3 harpies (Shoals:4)
  A phantasmal warrior (D:14)
  5 orc knights
  66 deep elf magi
  20 wolf spiders
  7 orc sorcerers
  3 ugly things
  An orb spider (shapeshifter) (D:14)
  A wolf spider zombie (D:15)
  2 ironbrand convokers (Vaults:1)
  7 cyclopes
  4 fauns (Shoals:4)
  16 orb spiders
  19 manticores
  34 elephants
  An elephant (shapeshifter) (D:15)
  2 moths of wrath (Spider:4)
  An oklob plant (Lair:6)
  A naga mage (D:15)
  6 sirens
  A water nymph (Shoals:4)
  7 black mambas
  A vault sentinel (Vaults:1)
  4 torpor snails
  8 spiny frogs
  A gargoyle (D:14)
  3 rime drakes
  6 komodo dragons
  An efreet (D:13)
  4 kobold demonologists (D:14)
  2 ice devils (Lair:4)
  3 freezing wraiths
  6 yaktaurs (Vaults:1)
  16 demonic crawlers
  3 meliai (D:11)
  26 merfolk
  26 jumping spiders
  A queen bee (shapeshifter) (D:13)
  5 two-headed ogres
  8 trolls
  Grinder (D:4)
  5 hornets
  4 wind drakes
  12 dream sheep
  13 hippogriffs
  10 slime creatures
  7 snapping turtles
  18 blink frogs
  36 tarantellas
  84 redbacks
  A spriggan (D:9)
  5 water elementals
  7 air elementals
  3 wraiths
  2 vampires
  5 wyverns
  48 yaks
  7 fire elementals
  4 basilisks
  2 vampire mosquitoes (D:15)
  A human (Lair:4)
  3 hogs (Lair:4)
  A steam dragon (D:10)
  4 mottled dragons
  2 hungry ghosts
  Menkaure (D:5)
  6 hell hounds (D:12)
  15 soldier ants
  6 wargs
  7 porcupines
  7 water moccasins
  2 hornet zombies
  6 sky beasts
  6 ice beasts
  31 orc warriors
  A phantom (D:9)
  15 ogres
  5 black bears
  5 boggarts (D:15)
  6 wolves (Lair:6)
  22 centaurs
  21 crocodiles
  6 big kobolds
  4 earth elementals
  21 bullfrogs
  A gnoll sergeant (D:7)
  2 wyvern zombies
  A wyvern skeleton (D:12)
  3 scorpions
  9 jellies
  4 killer bees
  4 wights
  7 electric eels
  3 howler monkeys
  15 crimson imps
  5 centaur zombies
  A quasit (D:12)
  5 hounds
  A bullfrog skeleton (D:5)
  29 orc priests
  34 orc wizards
  6 centaur skeletons
  Terence (D:2)
  5 hell rats (Lair:4)
  29 worker ants
  2 iguanas (D:5)
  10 gnolls
  16 adders
  4 shadow imps
  2 adder zombies (D:5)
  2 worms
  7 dart slugs
  5 leopard geckos
  86 orcs
  5 giant cockroaches
  4 goblins
  7 hobgoblins
  5 jackals
  30 kobolds
  6 quokkas
  A ball python (D:7)
  7 bats
  A frilled lizard (shapeshifter) (Elf:3)
  4 frilled lizards
  2 jackal skeletons
  A jackal zombie (D:7)
  10 rats
  3 crawling corpses (Elf:3)
  A plant (Lair:5)
1450 creatures vanquished.

Vanquished Creatures (others)
  A deep elf knight (Elf:1)
  4 deep elf magi (Elf:1)
  A vampire (D:12)
  An orc warrior (Orc:1)
  An orc (D:10)
  A kobold (D:2)
  12 fungi
  10 plants
31 creatures vanquished.

Grand Total: 1481 creatures vanquished

Notes
Turn   | Place    | Note
-------+----------+-------------------------------------------
     0 | D:1      | kae the Formicid Fighter began the quest for the Orb.
     0 | D:1      | Reached XP level 1. HP: 18/18 MP: 1/1
   106 | D:1      | Reached XP level 2. HP: 23/24 MP: 2/2
   161 | D:1      | Reached skill level 3 in Maces & Flails
   374 | D:1      | Reached XP level 3. HP: 29/29 MP: 3/3
   891 | D:2      | Noticed Terence
  1014 | D:2      | Killed Terence
  1014 | D:2      | Reached skill level 4 in Maces & Flails
  1014 | D:2      | Reached XP level 4. HP: 27/35 MP: 4/4
  1215 | D:2      | Found a hide-covered altar of Uskayaw.
  1218 | D:2      | Noticed a dagger
  1219 | D:2      | Noticed a dagger
  1639 | D:3      | Found an iron altar of Okawaru.
  1657 | D:3      | Reached XP level 5. HP: 33/41 MP: 5/5
  1700 | D:3      | Became a worshipper of Warmaster Okawaru
  1901 | D:3      | Reached skill level 5 in Maces & Flails
  2336 | D:4      | Noticed a centaur
  2342 | D:4      | Killed a centaur
  2342 | D:4      | Reached skill level 6 in Maces & Flails
  2342 | D:4      | Reached XP level 6. HP: 27/47 MP: 6/6
  2534 | D:4      | Reached * piety under Okawaru
  2549 | D:4      | Reached skill level 1 in Invocations
  2712 | D:4      | Noticed a black bear
  2729 | D:4      | Killed a black bear
  2729 | D:4      | Reached skill level 7 in Maces & Flails
  2729 | D:4      | Reached XP level 7. HP: 42/52 MP: 6/8
  3311 | D:5      | Entered Level 5 of the Dungeon
  3322 | D:5      | Noticed Grinder
  3345 | D:4      | Killed Grinder
  3345 | D:4      | Reached ** piety under Okawaru
  3345 | D:4      | Reached skill level 8 in Maces & Flails
  3345 | D:4      | Reached XP level 8. HP: 45/58 MP: 8/10
  3705 | D:5      | Got a slimy garnet amulet
  3970 | D:5      | Reached skill level 9 in Maces & Flails
  3970 | D:5      | Reached skill level 5 in Invocations
  4408 | D:5      | Noticed Menkaure
  4419 | D:5      | Killed Menkaure
  4419 | D:5      | Reached *** piety under Okawaru
  4419 | D:5      | Reached XP level 9. HP: 17/64 MP: 10/12
  4850 | D:6      | Found a staircase to the Ecumenical Temple.
  4891 | D:6      | Reached skill level 10 in Maces & Flails
  5610 | D:6      | Noticed removeelyvilon's ghost (novice MiFi)
  5687 | D:6      | Found a faded altar of an unknown god.
  5687 | D:6      | Found a faded altar of an unknown god.
  5693 | D:6      | Found a shimmering altar of Xom.
  5695 | D:6      | Found a radiant altar of Vehumet.
  5697 | D:6      | Found a faded altar of an unknown god.
  5856 | D:6      | Reached skill level 11 in Maces & Flails
  6461 | D:7      | Identified the amulet "Ocoukk" {RegenMP rPois Str+5} (You found it on level 5 of the Dungeon)
  6711 | D:7      | Noticed a hippogriff
  6718 | D:7      | Killed a hippogriff
  6718 | D:7      | Reached **** piety under Okawaru
  6718 | D:7      | Reached XP level 10. HP: 52/73 MP: 13/13
  6943 | D:7      | Reached skill level 5 in Fighting
  7083 | D:7      | Reached skill level 12 in Maces & Flails
  7271 | D:7      | Noticed Raws's ghost (novice DsBe)
  7300 | D:7      | Killed Raws's ghost
  7788 | D:8      | Found a deep blue altar of Sif Muna.
  7834 | D:8      | Found a roughly hewn altar of Beogh.
  7862 | D:8      | Reached ***** piety under Okawaru
  8125 | D:8      | Reached skill level 13 in Maces & Flails
  8423 | D:9      | Found a staircase to the Lair.
  8437 | D:9      | Reached XP level 11. HP: 70/83 MP: 14/14
  8584 | D:9      | Reached skill level 5 in Armour
  8981 | D:10     | Entered Level 10 of the Dungeon
  9068 | D:10     | Noticed Haldmier's ghost (novice HEIE)
  9712 | D:10     | Reached skill level 14 in Maces & Flails
  9741 | D:10     | Found a staircase to the Orcish Mines.
  9932 | D:10     | Killed Haldmier's ghost
  9932 | D:10     | Received a gift from Okawaru
 10720 | Lair:1   | Entered Level 1 of the Lair of Beasts
 10928 | Lair:1   | Noticed an elephant
 10928 | Lair:1   | Noticed an elephant
 10930 | Lair:1   | Noticed an elephant
 10949 | Lair:1   | Killed an elephant
 10960 | Lair:1   | Killed an elephant
 10964 | Lair:1   | Killed an elephant
 11211 | Lair:1   | Reached skill level 5 in Shields
 11393 | Lair:1   | Received a gift from Okawaru
 11402 | Lair:1   | Reached skill level 15 in Maces & Flails
 11711 | Lair:1   | Reached XP level 12. HP: 87/89 MP: 15/15
 12001 | Lair:2   | Noticed a five-headed hydra
 12010 | Lair:2   | Killed a five-headed hydra
 12119 | Lair:2   | Got a brightly glowing cloak
 12125 | Lair:2   | Identified the cursed +0 cloak "Nein" {rElec rN+ Slay+5} (You found it on level 2 of the Lair of Beasts)
 12292 | Lair:2   | Found a hole to the Spider Nest.
 12574 | Lair:2   | Found a staircase to the Shoals.
 13146 | Lair:3   | Got an encrusted great sword
 13234 | Lair:3   | Reached skill level 16 in Maces & Flails
 13528 | Lair:3   | Received a gift from Okawaru
 13850 | Lair:3   | You fall through a shaft for 3 floors!
 13850 | Lair:6   | Entered Level 6 of the Lair of Beasts
 14576 | Lair:5   | Reached XP level 13. HP: 86/94 MP: 16/16
 14731 | Lair:5   | Noticed an entropy weaver
 14752 | Lair:5   | Killed an entropy weaver
 14752 | Lair:5   | Reached skill level 17 in Maces & Flails
 14763 | Lair:5   | Noticed an entropy weaver
 14774 | Lair:5   | Killed an entropy weaver
 14774 | Lair:5   | Reached ****** piety under Okawaru
 14938 | Lair:5   | Reached skill level 10 in Shields
 15164 | Lair:5   | Received a gift from Okawaru
 15167 | Lair:5   | Got a slimy crystal plate armour {god gift}
 15322 | Lair:5   | Identified the +8 crystal plate armour of Bimes {rN++ Dex-3} (Okawaru gifted it to you on level 5 of the Lair of Beasts)
 15562 | Lair:4   | Noticed a six-headed hydra
 15844 | Lair:4   | Killed a six-headed hydra
 16004 | Lair:4   | Noticed Kirke
 16042 | Lair:4   | Killed Kirke
 16194 | Lair:4   | Reached skill level 18 in Maces & Flails
 16194 | Lair:4   | Reached XP level 14. HP: 87/101 MP: 17/17
 16331 | Lair:4   | Received a gift from Okawaru
 17088 | Lair:1   | Identified the +6 great sword "Pialulo" {vamp, Dex+2 Stlth+} (You found it on level 3 of the Lair of Beasts)
 17222 | Lair:6   | Received a gift from Okawaru
 17271 | Lair:6   | Got a pair of scorched gloves {god gift}
 17506 | Lair:6   | Identified the +2 pair of gloves of Leaves {Str+3 Int+4} (Okawaru gifted it to you on level 6 of the Lair of Beasts)
 17931 | Lair:6   | Reached skill level 19 in Maces & Flails
 18273 | Lair:6   | Received a gift from Okawaru
 18273 | Lair:6   | Reached XP level 15. HP: 107/107 MP: 19/19
 18440 | Lair:6   | Reached skill level 10 in Armour
 18969 | Lair:6   | Found a staircase to the Slime Pits.
 19167 | Lair:6   | Identified a +1 pair of boots of running (You found it on level 6 of the Lair of Beasts)
 19607 | D:11     | Received a gift from Okawaru
 19615 | D:11     | Got a slimy flail {god gift}
 20148 | D:12     | You fall through a shaft!
 20539 | D:13     | Reached XP level 16. HP: 92/118 MP: 22/22
 20569 | D:12     | Received a gift from Okawaru
 20584 | D:12     | Got a fine scale mail {god gift}
 20618 | D:12     | Identified the +7 flail of Charity {crush, MR+ Dex+2 SInv} (Okawaru gifted it to you on level 11 of the Dungeon)
 20630 | D:12     | Noticed Nergalle
 20641 | D:12     | Killed Nergalle
 20722 | D:12     | Reached skill level 20 in Maces & Flails
 20754 | D:12     | Found a runed door.
 20939 | D:12     | Noticed Azrael
 20965 | D:12     | Killed Azrael
 21372 | D:12     | Noticed Gastronok
 21409 | D:12     | Killed Gastronok
 21577 | D:12     | Noticed Urug
 21593 | D:12     | Killed Urug
 21883 | D:13     | Found a gate to the Vaults.
 22164 | D:14     | Received a gift from Okawaru
 22588 | D:14     | Reached skill level 10 in Fighting
 22804 | D:14     | Noticed Snorg
 22815 | D:14     | Killed Snorg
 22876 | D:14     | Noticed a tengu reaver
 22891 | D:14     | Received a gift from Okawaru
 22906 | D:14     | Killed a tengu reaver
 22918 | D:14     | Reached XP level 17. HP: 34/128 MP: 23/23
 23643 | D:14     | Reached skill level 21 in Maces & Flails
 23770 | D:15     | Entered Level 15 of the Dungeon
 24162 | D:15     | Found Weabloh's Book Shop.
 24254 | D:15     | Found a basalt altar of Yredelemnul.
 24563 | D:15     | Found a staircase to the Depths.
 24823 | D:15     | Identified the +1 scale mail of Mutualism {rN+ Str+2 Dex+4} (Okawaru gifted it to you on level 12 of the Dungeon)
 24958 | Orc:1    | Entered Level 1 of the Orcish Mines
 25301 | Orc:2    | Entered Level 2 of the Orcish Mines
 25364 | Orc:2    | Found a staircase to the Elven Halls.
 25625 | Orc:2    | Found Nehe's Food Shoppe.
 25625 | Orc:2    | Found Sihasiwk's Distillery.
 25626 | Orc:2    | Found Icofoniw's Armour Emporium.
 25629 | Orc:2    | Found Tuoshro's Book Emporium.
 25637 | Orc:2    | Bought a potion of experience for 600 gold pieces
 25637 | Orc:2    | Bought a potion of mutation for 30 gold pieces
 25653 | Orc:2    | Reached XP level 18. HP: 138/138 MP: 24/24
 26195 | Orc:1    | Reached skill level 5 in Dodging
 26830 | Elf:1    | Entered Level 1 of the Elven Halls
 26958 | Elf:1    | Received a gift from Okawaru
 27020 | Elf:1    | Noticed Nikola
 27134 | Elf:1    | Killed Nikola
 28072 | Elf:2    | Reached XP level 19. HP: 101/146 MP: 25/25
 28269 | Elf:2    | Found Urchau's Antique Armour Boutique.
 28332 | Elf:2    | Noticed Donald
 28341 | Elf:2    | Killed Donald
 28360 | Elf:2    | Received a gift from Okawaru
 28363 | Elf:2    | Got a jewelled morningstar {god gift}
 28364 | Elf:2    | Identified the +2 morningstar "Niroxi Ruyv" {crush, rC+ SInv} (Okawaru gifted it to you on level 2 of the Elven Halls)
 28388 | Elf:2    | Found a runed gate.
 28388 | Elf:2    | Found a runed gate.
 28389 | Elf:2    | Found a runed gate.
 28437 | Elf:2    | Noticed Agnes
 28454 | Elf:2    | Killed Agnes
 29588 | Elf:2    | Received a gift from Okawaru
 29620 | Elf:2    | Reached skill level 15 in Armour
 30036 | Elf:3    | Entered Level 3 of the Elven Halls
 30095 | Elf:3    | Found Doohij's Distillery.
 30112 | Elf:3    | Bought a potion of agility for 56 gold pieces
 30112 | Elf:3    | Bought a potion of might for 56 gold pieces
 30112 | Elf:3    | Bought a potion of agility for 56 gold pieces
 30812 | Elf:3    | Reached skill level 22 in Maces & Flails
 30945 | Elf:3    | Reached XP level 20. HP: 84/159 MP: 26/26
 31603 | Elf:2    | Received a gift from Okawaru
 32266 | Elf:2    | Received a gift from Okawaru
 32296 | Elf:3    | Noticed a golden dragon
 32297 | Elf:3    | a golden dragon changed into a stone giant
 32471 | Elf:3    | Noticed a Tzitzimitl
 32704 | Elf:3    | Reached skill level 15 in Fighting
 33027 | Elf:3    | Got a scorched jade ring
 33098 | Elf:3    | Got a slimy whip {holy}
 33313 | Elf:3    | Identified the +8 whip of the Lesser Evil {holy, rC++} (You took it off a deep elf annihilator on level 3 of the Elven Halls)
 33314 | Elf:3    | Identified the ring "Jihysyav" {+Fly rPois rN+ MR+ Int+3} (You took it off a deep elf master archer on level 3 of the Elven Halls)
 33381 | Elf:3    | Identified the Collected Works on Cloudy Snow
 33577 | Elf:3    | Identified the Papyrus of Ice and Lightness
 34263 | Spider:1 | Entered Level 1 of the Spider Nest
 34461 | Spider:1 | Noticed Louise
 34486 | Spider:1 | Killed Louise
 35110 | Spider:2 | Reached XP level 21. HP: 170/170 MP: 2/27
 35418 | Spider:2 | Received a gift from Okawaru
 36370 | Spider:3 | Noticed Roxanne
 36422 | Spider:3 | Killed Roxanne
 37504 | Spider:4 | Entered Level 4 of the Spider Nest
 37628 | Spider:4 | HP: 8/172 [poisoned by a redback]
 37634 | Spider:4 | HP: 8/172 [poisoned by a redback]
 37640 | Spider:4 | HP: 8/172 [poisoned by a redback]
 40000 | Spider:4 | Received a gift from Okawaru
 40003 | Spider:4 | Got a spiked cloak {god gift}
 40004 | Spider:4 | Identified the +0 cloak "Viuku" {*Slow Str+4 SInv} (Okawaru gifted it to you on level 4 of the Spider Nest)
 40098 | Spider:4 | Got a gossamer rune of Zot
 40361 | Shoals:1 | Entered Level 1 of the Shoals
 40395 | Shoals:1 | Reached skill level 1 in Evocations
 40397 | Shoals:1 | Noticed Aizul
 40623 | Shoals:1 | Killed Aizul
 40772 | Shoals:1 | Reached XP level 22. HP: 159/181 MP: 28/28
 40945 | Shoals:4 | Entered Level 4 of the Shoals
 41385 | Shoals:4 | Reached skill level 5 in Evocations
 41860 | Shoals:4 | Noticed puimuR's ghost (journeyman HOWz)
 41888 | Shoals:4 | Killed puimuR's ghost
 42411 | Shoals:4 | HP: 9/181 [barbs]
 42417 | Shoals:4 | HP: 7/181 [barbs]
 42439 | Shoals:4 | HP: 9/181 [barbs]
 43156 | Shoals:4 | Received a gift from Okawaru
 43156 | Shoals:4 | Reached skill level 10 in Evocations
 43284 | Shoals:4 | Identified the Compendium of the Hurtful Compass
 43733 | Shoals:4 | Got a barnacled rune of Zot
 44093 | Vaults:1 | Entered Level 1 of the Vaults
 44471 | Vaults:1 | Found Peyjilaj's Armour Shop.
 44644 | Vaults:1 | Received a gift from Okawaru
 44729 | Vaults:1 | HP: 11/271 [deep troll[an ironheart preserver] (8)]
 44730 | Vaults:1 | Shot with a bolt by a yaktaur captain

Skill      XL: |  1  2  3  4  5  6  7  8  9 10 11 12 13 14 15 16 17 18 19 20 21 22 |
---------------+-------------------------------------------------------------------+-----
Maces & Flails | 3 4 6 7 8 9 11 13 15 16 18 19 20 21 22 | 22.8
Invocations    | 1 3 5 8 |  8.0
Fighting       | 4 6 8 10 11 14 15 17 | 17.1
Armour         | 4 6 7 9 10 12 13 15 17 18 | 18.4
Shields        | 5 8 10 12 | 12.2
Dodging        | 4 5 8 |  8.4
Evocations     | 2 10 | 10.4

Action                   |  1- 3 |  4- 6 |  7- 9 | 10-12 | 13-15 | 16-18 | 19-21 | 22-24 || total
-------------------------+-------+-------+-------+-------+-------+-------+-------+-------++-------
Melee: Flail             |   130 |   170 |   347 |   644 |       |  1081 |   301 |       ||  2673
       Dire flail        |       |       |       |    22 |       |       |       |       ||    22
       Eveningstar       |       |       |       |    37 |   295 |       |   364 |       ||   696
       Great mace        |       |       |       |    25 |   545 |    31 |       |       ||   601
       Whip              |       |       |       |       |       |       |  1408 |  1073 ||  2481
Invok: Heroism           |       |     1 |    12 |    15 |    17 |    21 |    19 |    14 ||    99
       Finesse           |       |       |       |       |       |       |     1 |       ||     1
 Abil: Dig               |       |       |     5 |     4 |    19 |     7 |    10 |    10 ||    55
       Evoke Flight      |       |       |       |       |       |       |     1 |     4 ||     5
Evoke: Wand              |       |       |       |       |       |       |     1 |       ||     1
  Use: Scroll            |       |       |    18 |     9 |     7 |     3 |     9 |     6 ||    52
       Potion            |       |       |       |       |       |     1 |     3 |    15 ||    19
  Eat: Chunk             |       |    12 |    18 |    18 |    21 |    26 |    29 |     5 ||   129
       Beef jerky        |       |       |       |       |     1 |       |     1 |       ||     2
       Fruit             |       |       |       |       |       |       |     3 |       ||     3
       Bread ration      |       |       |       |       |       |       |     2 |     2 ||     4
Armor: Scale mail        |    66 |    66 |    70 |       |       |       |       |       ||   202
       Plate armour      |       |       |    18 |   233 |    34 |       |       |       ||   285
       Crystal plate arm |       |       |       |       |   455 |   521 |  1044 |   422 ||  2442
       Skin              |       |       |       |       |       |       |       |    17 ||    17
Dodge: Dodged            |    47 |    74 |    83 |   125 |   159 |   265 |   503 |   219 ||  1475
Block: Shield            |    86 |    78 |   149 |   296 |   488 |   758 |  1093 |   577 ||  3525
